 Dungeon Sprint DCSS version 0.29-a0-360-g8ed1089bbe (webtiles) character file.

Game seed: 2980127844514274220

5516 Zeldest the Ripper (level 10, -3/55 HPs)
             Began as a Felid Transmuter on Apr 28, 2022.
             Was a Believer of Jiyva.
             Killed by divine providence
             ... invoked by an orc high priest
              (12 damage)
             ... in the Dungeon (Sprint IX: "|||||||||||||||||||||||||||||").
             The game lasted 00:07:04 (960 turns).

Zeldest the Ripper (Felid Transmuter)                Turns: 960, Time: 00:07:05

Health: -3/55      AC:  2    Str: 12    XL:     10   Next: 43%
Magic:  14/14      EV: 34    Int: 14    God:    Jiyva [**....]
Gold:   1282       SH:  0    Dex: 22    Spells: 7/13 levels left
                                        Lives:  0   Deaths: 3

rFire   + . .      SeeInvis +     - Unarmed
rCold   + . .      Faith    .   (shield unavailable)
rNeg    . . .      Spirit   .   (body armour unavailable)
rPois   +          Reflect  .   (helmet unavailable)
rElec   +          Harm     .   (cloak unavailable)
rCorr   +          Rampage  .   (gloves unavailable)
Will    +....      NoTele   +   (boots unavailable)
Stlth   +++.......              (no amulet)
HPRegen 1.14/turn               j - +3 ring of strength
MPRegen 0.44/turn               k - +3 ring of strength

@: appendages, resistant, wereblooded, quick
A: horns 2, very small, claws 1, fangs 3, see invisible, speed 1, shaggy fur 2,
stealthy paws, no weapons or thrown items, no armour, multi-lived
a: End Transformation, Renounce Religion


You were in the Dungeon.
You worshipped Jiyva.
Jiyva was pleased with you.
You had temporarily grown beastly horns.
You visited 1 branch You collected 1282 gold pieces.

Inventory:

Jewellery
 j - a +3 ring of strength (left paw)
 k - a +3 ring of strength (right paw)
Scrolls
 g - 2 scrolls of blinking
 h - 2 scrolls of amnesia
 n - a scroll of fear
Potions
 a - a potion of flight
 b - 3 potions of curing
 e - 4 potions of magic


   Skills:
 + Level 13.2 Fighting
 + Level 17.0 Dodging
 + Level 4.4 Stealth
 + Level 17.8 Unarmed Combat
 - Level 2.0 Spellcasting
 - Level 14.1 Transmutations


You had 7 spell levels left.
You knew the following spells:

 Your Spells              Type           Power      Damage    Failure   Level
a - Beastly Appendage     Tmut           80%        N/A       1%          1
b - Wereblood             Tmut           40%        N/A       1%          2
c - Spider Form           Tmut/Pois      21%        N/A       4%          3

Your spell library contained the following spells:

 Spells                   Type           Power      Damage    Failure   Level
 Ice Form                 Ice/Tmut       21%        N/A       13%         4


Dungeon Overview and Level Annotations

Branches:
Dungeon (1/1)

Altars:
Cheibriados
Dithmenos
Elyvilon
Fedhas
Gozag
Hepliaklqana
Kikubaaqudgha
Makhleb
Nemelex Xobeh
Okawaru
Qazlal
Ru
Sif Muna
Trog
Uskayaw
Vehumet
Wu Jian
Xom
Yredelemnul
Zin
The Shining One
Beogh
Jiyva
Lugonu

Shops:
D [


Innate Abilities, Weirdness & Mutations

You have temporarily grown beastly horns.
You have sharp claws.
You have razor-sharp teeth.
You have supernaturally acute eyesight. (SInv)
You cover ground quickly. (Speed+)
You are covered in thick fur. (AC +2)
Your paws help you pounce on unaware monsters.
You are incapable of wielding weapons or throwing items.
You cannot wear armour.
You gain extra lives every three experience levels.


Message History

An orc high priest comes into view. It is wielding a +0 flail.
The orc knight barely misses you.
You closely miss the orc knight.
The orc high priest shouts!
You headbutt the orc knight, but do no damage.
You claw the orc knight, but do no damage.
The orc knight is heavily wounded.
You hear a shout!
You mangle the orc knight!!
The orc knight is almost dead.
The orc knight hits you with a +0 vampiric battleaxe!!
The orc knight draws strength from your wounds!
The orc high priest completely misses you.
You scratch the orc knight but do no damage.
The orc knight is almost dead.
The orc knight completely misses you.
The orc high priest completely misses you.
You mangle the orc knight!!
You feel a bit better.
You kill the orc knight!
Your Dodging skill increases to level 17!
Your Stealth skill increases to level 4!
You feel protected.
The orc high priest hits you from afar with a +0 trident!
You aren't carrying any items that you can evoke.
The orc high priest completely misses you.
There is an open door to Orc:2, spattered with blood here.
Things that are here:
a +0 vampiric battleaxe; a +0 plate armour; an orc corpse You mangle the orc high priest!!
The orc high priest is moderately wounded.
The orc high priest invokes the aid of Beogh against you.
Beogh smites you!
* * * LOW HITPOINT WARNING * * *
The orc high priest closely misses you.
The orc high priest shouts, "You are a heretic and must be destroyed!"
You claw the orc high priest! You bite the orc high priest.
The orc high priest is severely wounded.
The orc high priest calls down the wrath of Beogh upon you.
Beogh smites you!
You die...

▓.▓.▓.▓[▓
▓.▓.▓.▓.▓[▓
▓o▓.▓.▓.▓[▓
▓o▓.▓.▓.▓.▓
▓o▓.▓.▓.▓)▓
▓o▓.▓†▓.▓.▓
▓o▓.▓†▓.▓.▓
▓o▓.▓'▓.▓'▓
▓@▓.▓.▓.▓_▓
▓.▓.▓.▓.▓_▓
▓.▓.▓.▓.▓_▓
▓.▓.▓.▓.▓_▓
▓.▓.▓.▓.▓_▓
▓.▓.▓.▓.▓_▓
▓.▓.▓.▓.▓_▓
▓.▓.▓†▓.▓_▓
▓.▓.▓†▓.▓_▓


You could see 3 orc knights and 3 orc high priests.

Vanquished Creatures
  A hydra (D)
  A two-headed ogre (D)
  3 orc high priests (D)
  A manticore (D)
  A cyclops (D)
  A mana viper (shapeshifter) (D)
  3 orc knights (D)
  A black mamba (D)
  An unseen horror (D)
  A cane toad (D)
  A komodo dragon (D)
  A meliai (shapeshifter) (D)
  2 polar bears (D)
  3 tyrant leeches (D)
  A blink frog (D)
  3 wyverns (D)
  A basilisk (D)
  2 vampire mosquitoes (D)
  5 water moccasins (D)
  An ice beast (D)
  12 orc warriors (D)
  A wolf (D)
  A centaur (D)
  4 bullfrogs (D)
  4 orc priests (D)
  An iguana (D)
  3 orc wizards (D)
  A white imp (D)
  4 orcs (D)
  2 ball pythons (D)
  A quokka (D)
  A bat (D)
  2 kobolds (D)
71 creatures vanquished.

Vanquished Creatures (others)
  A deep elf sorcerer (D)
  A great orb of eyes (D)
  A sea snake (shapeshifter) (D)
  An orc sorcerer (D)
  A slime creature (D)
  8 jellies (D)
13 creatures vanquished.

Grand Total: 84 creatures vanquished

Notes
Turn   | Place    | Note
-------+----------+-------------------------------------------
     0 | D        | Zeldest the Felid Transmuter began the quest for the Orb.
     0 | D        | Reached XP level 1. HP: 9/9 MP: 4/4
    18 | D        | Noticed an ice beast
    18 | D        | Noticed an iguana
    21 | D        | Killed an iguana
    22 | D        | Reached XP level 2. HP: 13/13 MP: 4/6
    22 | D        | Reached XP level 3. HP: 16/16 MP: 4/7
    26 | D        | Killed an ice beast
    27 | D        | Reached skill level 5 in Transmutations
    27 | D        | Reached XP level 4. HP: 22/22 MP: 4/8
    37 | D        | Found a snail-covered altar of Cheibriados.
    37 | D        | Found a shadowy altar of Dithmenos.
    37 | D        | Found a white marble altar of Elyvilon.
    37 | D        | Found a blossoming altar of Fedhas.
    37 | D        | Found an opulent altar of Gozag.
    38 | D        | Found a hazy altar of Hepliaklqana.
    39 | D        | Found a viscous altar of Jiyva.
    40 | D        | Found an ancient bone altar of Kikubaaqudgha.
    41 | D        | Found a corrupted altar of Lugonu.
    42 | D        | Found a burning altar of Makhleb.
    43 | D        | Found a sparkling altar of Nemelex Xobeh.
    44 | D        | Found an iron altar of Okawaru.
    45 | D        | Found a stormy altar of Qazlal.
    46 | D        | Found a sacrificial altar of Ru.
    47 | D        | Became a worshipper of Jiyva Joddol the Shapeless
    50 | D        | Killed a slime creature
    51 | D        | Learned a level 2 spell: Wereblood
    51 | D        | Found a shimmering blue altar of Sif Muna.
    52 | D        | Found a bloodstained altar of Trog.
    52 | D        | Killed a sea snake
    53 | D        | Found a hide-covered altar of Uskayaw.
    53 | D        | Killed a great orb of eyes
    54 | D        | Found a radiant altar of Vehumet.
    55 | D        | Found an ornate altar of the Wu Jian Council.
    56 | D        | Found a shimmering altar of Xom.
    57 | D        | Found a basalt altar of Yredelemnul.
    57 | D        | Killed a deep elf sorcerer
    58 | D        | Found a glowing silver altar of Zin.
    59 | D        | Found a glowing golden altar of the Shining One.
    84 | D        | Noticed a wraith
    84 | D        | Noticed a yak
    84 | D        | Noticed an orc warrior
    84 | D        | Noticed a centaur
    84 | D        | Noticed an orc warrior
    84 | D        | Noticed an orc warrior
    87 | D        | Killed an orc warrior
    88 | D        | Reached skill level 5 in Fighting
    88 | D        | Reached XP level 5. HP: 21/26 MP: 9/9
    94 | D        | Killed an orc warrior
    95 | D        | Gained mutation: You are covered in thick fur. (AC +2)
                  | [Felid growth]
    95 | D        | Reached XP level 6. HP: 14/31 MP: 10/10
   107 | D        | Killed an orc warrior
   111 | D        | Slain by a yak
   112 | D        | Reached XP level 5. HP: -2/28 MP: 9/9
   146 | D        | Reached * piety under Jiyva
   283 | D        | Noticed a two-headed ogre
   283 | D        | Noticed a cyclops
   283 | D        | Noticed an unseen horror
   283 | D        | Noticed a manticore
   283 | D        | Noticed a guardian serpent
   283 | D        | Noticed a meliai
   289 | D        | Killed a two-headed ogre
   290 | D        | Reached skill level 10 in Dodging
   290 | D        | Reached XP level 6. HP: 8/33 MP: 10/10
   290 | D        | Reached XP level 7. HP: 10/37 MP: 11/11
   295 | D        | Killed a cyclops
   296 | D        | Reached XP level 8. HP: 28/41 MP: 12/12
   296 | D        | Noticed a mana viper
   296 | D        | a guardian serpent changed into a mana viper
   298 | D        | Killed an unseen horror
   306 | D        | Killed a manticore
   307 | D        | Reached skill level 10 in Transmutations
   309 | D        | Killed a mana viper
   310 | D        | Reached XP level 9. HP: 32/46 MP: 8/13
   310 | D        | Killed a meliai
   446 | D        | Noticed a komodo dragon
   446 | D        | Noticed a black mamba
   456 | D        | Killed a black mamba
   457 | D        | Reached skill level 10 in Fighting
   476 | D        | Killed a komodo dragon
   484 | D        | Reached skill level 15 in Unarmed Combat
   485 | D        | Noticed a five-headed hydra
   490 | D        | HP: 1/47 [five-headed hydra (16)]
   490 | D        | Slain by a five-headed hydra
   491 | D        | Reached XP level 8. HP: 0/44 MP: 12/12
   495 | D        | Killed a five-headed hydra
   496 | D        | Reached XP level 9. HP: 48/48 MP: 13/13
   509 | D        | Noticed a polar bear
   512 | D        | Noticed a cane toad
   517 | D        | Killed a polar bear
   518 | D        | Noticed a polar bear
   529 | D        | Killed a cane toad
   534 | D        | Killed a polar bear
   545 | D        | Noticed a tyrant leech
   547 | D        | Noticed a tyrant leech
   548 | D        | Noticed a tyrant leech
   553 | D        | Killed a tyrant leech
   554 | D        | Reached skill level 15 in Dodging
   554 | D        | Reached XP level 10. HP: 23/52 MP: 14/14
   609 | D        | Reached ** piety under Jiyva
   683 | D        | Noticed an orc high priest
   698 | D        | Killed an orc high priest
   775 | D        | Learned a level 3 spell: Spider Form
   778 | D        | Noticed an orc high priest
   778 | D        | Noticed an orc sorcerer
   778 | D        | Noticed an orc high priest
   779 | D        | Noticed an orc knight
   784 | D        | Killed an orc high priest
   784 | D        | Paralysed by an orc sorcerer for 6 turns
   788 | D        | Noticed a smoke demon
   790 | D        | Noticed an orange demon
   790 | D        | Slain by an orc sorcerer
   791 | D        | Reached XP level 9. HP: -3/49 MP: 13/13
   818 | D        | Killed an orc sorcerer
   847 | D        | Noticed an ice devil
   847 | D        | Killed an orc high priest
   848 | D        | Reached XP level 10. HP: 51/54 MP: 14/14
   854 | D        | Killed an orc knight
   863 | D        | Reached skill level 1 in Stealth
   863 | D        | Noticed an orc knight
   879 | D        | Killed an orc knight
   947 | D        | Found Cuferu's Antique Armour Boutique.
   947 | D        | Noticed an orc knight
   947 | D        | Noticed an orc high priest
   947 | D        | Noticed an orc knight
   947 | D        | Noticed an orc high priest
   947 | D        | Noticed an orc knight
   948 | D        | Noticed an orc knight
   952 | D        | Noticed an orc high priest
   956 | D        | Killed an orc knight
   960 | D        | Killed from afar by an orc high priest

Illustrated notes

Levels and vault maps discovered:
D:        linesprint [early_d, line_temple, items_1, d_10, items_2, lair_1,
          lair_end, items_3, orc_1, orc_end, items_4, d_15, swamp_1, shoals_1,
          snake_1, spider_1, d_20, vaults_1, items_5, swamp_end, shoals_end,
          snake_end, spider_end, vaults_end, d_27, items_6, zot_1, zot_end,
          crypt_end, forest_end, elf_end, slime_end, tomb_end, abyss_end,
          pan_hell_end]

Skill      XL: |  1  2  3  4  5  6  7  8  9 10 |
---------------+-------------------------------+-----
Dodging        | 4 6 7 10 9 11 14 15 17 | 17.0
Fighting       | 2 4 5 8 6 11 10 13 | 13.2
Unarmed Combat | 4 6 8 11 9 12 13 16 17 | 17.8
Transmutations | 3 5 6 9 7 12 11 14 | 14.1
Stealth        | 4 |  4.4
Spellcasting   | |  2.0

Action                   |  1- 3 |  4- 6 |  7- 9 | 10-12 || total
-------------------------+-------+-------+-------+-------++-------
Melee: Unarmed           |    13 |    29 |    87 |    99 ||   228
       Headbutt          |     2 |       |    14 |    25 ||    41
       Bite              |     2 |     2 |     5 |    15 ||    24
       Punch             |     1 |     3 |     6 |     8 ||    18
 Cast: Beastly Appendage |     2 |     1 |     3 |     4 ||    10
       Spider Form       |       |       |       |     2 ||     2
       Wereblood         |       |       |       |     2 ||     2
Evoke: Wand              |       |       |     9 |     1 ||    10
  Use: Potion            |     1 |     3 |     6 |     5 ||    15
       Scroll            |       |       |     1 |     1 ||     2
 Stab: Invisible         |       |     8 |       |       ||     8
Armor: Skin              |     1 |     3 |    16 |     1 ||    21
Dodge: Dodged            |     3 |    17 |    54 |    50 ||   124

Table legend: (Time is in decaauts)
 A = Elapsed time spent in this place.
 B = Non-inter-level travel time spent in this place.
 C = Inter-level travel time spent in this place.
 D = Time resting spent in this place.
 E = Time spent auto-exploring this place.
 F = Levels seen in this place.
 G = Mean time per level.
                   A        B        C        D        E       F      G
               +--------+--------+--------+--------+--------+-----+--------+
         Total |    769 |    769 |      0 |      0 |      0 |   1 |  769.0 |
       Dungeon |    769 |    769 |      0 |      0 |      0 |   1 |  769.0 |
               +--------+--------+--------+--------+--------+-----+--------+

Top non-repeatable levels by time:
       D: 769 daAuts
